 Dungeon Crawl Stone Soup version 0.32-a0-329-ge6c31236d6 (webtiles) character file.

Game seed: 17545082358646418344

112 jasper the Chopper (level 4, -22/38 HPs)
             Began as a Mountain Dwarf Monk on Feb 16, 2024.
             Killed by an exploding black bear (26 damage)
             ... ignited by their inner flame
             ... on level 5 of the Dungeon.
             The game lasted 00:03:28 (2113 turns).

jasper the Chopper (Mountain Dwarf Monk)            Turns: 2113, Time: 00:03:29

Health: -22/38     AC:  9    Str: 15    XL:     4   Next: 63%
Magic:  0/4        EV:  7    Int: 11    God:
Gold:   19         SH:  0    Dex: 12    Spells: 3/3 levels left

rFire   . . .        m - +0 dire flail
rCold   . . .        (shield currently unavailable)
rNeg    . . .        o - +1 chain mail
rPois   .            (no helmet)
rElec   .            (no cloak)
rCorr   .            (no gloves)
SInv    .            (no boots)
Will    .....        n - amulet of guardian spirit Stlth
                     (no ring)
HPRegen 0.26/turn    (no ring)
MPRegen 0.09/turn

%: guardian spirit
@: brilliant, weak-willed, attractive, enlightened, flying
A: runic magic, artefact enchanting, subdued magic 1
a: no special abilities


You were on level 5 of the Dungeon.
You visited 1 branch of the dungeon, and saw 4 of its levels.

You collected 103 gold pieces.
You spent 84 gold pieces at shops.

Inventory:

Hand Weapons
 a - a +0 hand axe
 m - a +0 dire flail (weapon)
Missiles
 e - 36 stones (quivered)
Armour
 b - a +0 robe
 d - an orb of light
 k - a +0 leather armour
 l - a +0 scale mail
 o - a +1 chain mail (worn)
Jewellery
 n - an amulet of guardian spirit (around neck)
Scrolls
 c - a scroll of vulnerability
Potions
 p - a potion of attraction
 q - a potion of enlightenment


   Skills:
 + Level 3.3 Fighting
 * Level 6.4 Axes
 + Level 0.4 Armour
 - Level 2.1 Dodging


You had 3 spell levels left.
You didn't know any spells.
Your spell library was empty.

Dungeon Overview and Level Annotations

Branches:
Dungeon (3/15)

Altars:
Qazlal

Shops:
D:5 *

Annotations:
D:5 1 runed translucent door, Crazy Yiuf


Innate Abilities, Weirdness & Mutations

Your spellcasting is much less encumbered by armour.
You can use scrolls of enchantment on lesser artefacts.
Your spells are a little easier to cast, but a little less powerful.


Message History

The black bear claws you but does no damage. x2
As you read the scroll labelled XIUMEUHASCHO, it crumbles to dust.
It is a scroll of enchant armour.
Your +0 chain mail glows green for a moment.
The black bear bites you but does no damage.
The black bear barely misses you.
The black bear claws you but does no damage.
As you read the scroll labelled AJEYCAXKOW, it crumbles to dust.
The creatures around you are filled with an inner flame!
It was a scroll of immolation.
The black bear bites you.
* * * LOW HITPOINT WARNING * * *
The black bear claws you but does no damage.
The black bear completely misses you.
You take 4 damage, and have 10/38 hp.
You now have 1/4 mp.
Blink to where?
Press: ? - help, Dir - move target
As you read the scroll labelled DARYIPH OWNICE, it crumbles to dust.
It was a scroll of blinking.
The black bear is attracted toward you.
Okay, then.
Unknown command.
Okay, then.
The black bear attacks as it pursues you!
The black bear bites you.
* * * LOW HITPOINT WARNING * * *
The black bear claws you.
* * * LOW HITPOINT WARNING * * *
The black bear claws you.
* * * LOW HITPOINT WARNING * * *
You take 6 damage, and have 4/38 hp.
You now have 0/4 mp.
You hit the black bear.
Flame seeps out of the black bear.
The black bear is heavily wounded.
The black bear is engulfed in blazing flames.
Flame seeps out of the black bear.
The black bear goes berserk!
You barely miss the black bear.
The black bear is almost dead.
The black bear is engulfed in blazing flames.
The black bear explodes!
The fiery explosion engulfs you!!
Ouch! That really hurt!
You die...

#...[....#
#.####.###
#.####.## #
#.##....# #
#.##.#.## #
#.##.#.# # #
#......# # .
####.### #. #@#
### #.##.####°#
..# #.......#.#
#.# ##....†.#
#.####......##§###
.∩†....... #.#
#.######.. ..# #.#
#### †.#


There were no monsters in sight!

Vanquished Creatures
  A black bear (D:5)
  5 adders
  A dart slug (D:3)
  A ribbon worm (D:2)
  An endoplasm (D:1)
  6 giant cockroaches
  A goblin (D:2)
  6 hobgoblins
  3 quokkas
  4 ball pythons
  2 bats
  A frilled lizard (D:2)
  2 kobolds (D:1)
  4 rats
38 creatures vanquished.

Notes
Turn   | Place    | Note
-------+----------+-------------------------------------------
     0 | D:1      | jasper the Mountain Dwarf Monk began the quest for the Orb.
     0 | D:1      | Reached XP level 1. HP: 19/19 MP: 1/1
    64 | D:1      | Reached skill level 4 in Axes
   155 | D:1      | Reached XP level 2. HP: 23/26 MP: 2/2
   437 | D:1      | Reached skill level 5 in Axes
   557 | D:1      | Reached XP level 3. HP: 29/31 MP: 3/3
  1344 | D:2      | Reached skill level 6 in Axes
  1344 | D:2      | Reached XP level 4. HP: 28/38 MP: 2/4
  1464 | D:2      | Found a stormy altar of Qazlal.
  1797 | D:3      | You fall into a shaft and drop 2 floors!
  1797 | D:5      | Entered Level 5 of the Dungeon
  1797 | D:5      | Found Eratacodd's Assorted Antiques.
  1800 | D:5      | Bought a fuming sapphire potion for 27 gold pieces
  1800 | D:5      | Bought a green potion for 27 gold pieces
  1800 | D:5      | Bought a scroll labelled DARYIPH OWNICE for 30 gold pieces
  1992 | D:5      | Found a runed translucent door.
  1993 | D:5      | Noticed Crazy Yiuf
  2096 | D:5      | Noticed a black bear
  2104 | D:5      | Gained mutation: Your spells are a little easier to cast,
                  | but a little less powerful. [potion of mutation]
  2113 | D:5      | Killed a black bear
  2113 | D:5      | Killed by an exploding black bear... ignited by their inner
                  | flame

Illustrated notes

Levels and vault maps discovered:
D:1:      lemuel_arrival_lava_pool, layout_loops_ring, dk_noncrumbling_3,
          chequers_arboretum, dreamdust_princess_bridge,
          kennysheep_decorative_pillar
D:2:      layout_rooms, basic_altar, kennysheep_generic_room_2
D:3:      layout_basic, nemelex_diamond_rough_becter, okawaru_metal_pillars_1_2,
          mainiacjoe_overflow_catwalk_spiral, st_stairs_7, interstate_on_off
D:5:      layout_loops_cross, serial_shops, shop, shop, uniq_crazy_yiuf_cottage

Skill      XL: |  1  2  3 |
---------------+----------+-----
Axes           | 4 5 6 |  6.4
Fighting       | |  3.3
Armour         | |  0.4
Dodging        | |  2.1

Action                     |  1- 3 |  4- 6 || total
---------------------------+-------+-------++-------
  Melee: Hand axe          |   122 |       ||   122
         Dire flail        |    10 |    41 ||    51
    Use: Potion            |     1 |     5 ||     6
         Scroll            |       |     4 ||     4
   Stab: Sleeping          |     1 |       ||     1
 Armour: Robe              |    38 |       ||    38
         Scale mail        |    31 |       ||    31
         Chain mail        |     7 |    64 ||    71
         Leather armour    |     5 |       ||     5
  Dodge: Dodged            |    81 |    23 ||   104

Table legend: (Time is in decaauts)
 A = Elapsed time spent in this place.
 B = Non-inter-level travel time spent in this place.
 C = Inter-level travel time spent in this place.
 D = Time resting spent in this place.
 E = Time spent auto-exploring this place.
 F = Levels seen in this place.
 G = Mean time per level.
                   A        B        C        D        E       F      G
               +--------+--------+--------+--------+--------+-----+--------+
         Total |   2125 |   2103 |     22 |    159 |   1489 |   4 |  531.2 |
       Dungeon |   2125 |   2103 |     22 |    159 |   1489 |   4 |  531.2 |
               +--------+--------+--------+--------+--------+-----+--------+

Top non-repeatable levels by time:
     D:1: 1103 daAuts
     D:2: 615 daAuts
     D:5: 319 daAuts
     D:3: 88 daAuts
